 Dungeon Crawl Stone Soup version 0.28-a0-429-g1448048969 (webtiles) character file.

Game seed: 14459104658352010871

20095 robertstho the Thaumaturge (level 13, -12/92 HPs)
             Began as a Djinni Fire Elementalist on Sept 10, 2021.
             Was an Initiate of Gozag.
             Mangled by a boulder beetle (59 damage)
             ... on level 12 of the Dungeon.
             The game lasted 00:23:14 (18691 turns).

robertstho the Thaumaturge (DjFE)                  Turns: 18691, Time: 00:23:15

Health: -12/92     AC:  9    Str: 11    XL:     13   Next: 9%
Gold:   2246       EV: 14    Int: 22    God:    Gozag SH:  0 Dex: 14

rFire   + + +      SeeInvis .   k - +4 dagger "Hiraonk" {chaos, rElec rF++ Str+4}
rCold   . . .      Faith    .   (no shield)
rNeg    . . .      Spirit   .   E - +1 scale mail {rC+}
rPois   ∞          Reflect  .   m - +1 helmet
rElec   +          Harm     .   (no cloak)
rCorr   .          Rampage  .   (no gloves)
Will    +....                   (boots unavailable)
Stlth   +.........              (no amulet)
HPRegen 0.25/turn               r - +4 ring of evasion
MPRegen 0.00/turn               B - ring of wizardry

@: gold aura, flying
A: sickness immunity, fire resistance 2, cold vulnerability 1, float, innate
caster, hp casting, extra vitality 1
a: Renounce Religion, Potion Petition, Call Merchant, Bribe Branch


You were on level 12 of the Dungeon.
You worshipped Gozag.
Gozag was most pleased with you.
You visited 2 branches of the dungeon, and saw 13 of its levels.
You also visited: Ice Cave.

You collected 2550 gold pieces.
You spent 228 gold pieces at shops.
You paid 76 gold pieces to Gozag.

Inventory:

Hand Weapons
 f - a +0 dagger
 k - the +4 dagger "Hiraonk" (weapon) {chaos, rElec rF++ Str+4}
   (You found it on level 4 of the Dungeon)

   Each time it hits an enemy it has a different, random effect.
   Str:       It affects your strength (+4).
   rF:        It greatly protects you from fire.
   rElec:     It insulates you from electricity.
 y - a +1 long sword of draining
Missiles
 t - 5 throwing nets
Armour
 a - a +1 robe
 m - a +1 helmet (worn)
 E - a +1 scale mail of cold resistance (worn)
Jewellery
 r - a +4 ring of evasion (left hand)
 z - a ring of resist corrosion
 B - a ring of wizardry (right hand)
Wands
 c - a wand of digging (4)
 p - a wand of acid (4)
 w - a wand of iceblast (5)
 C - a wand of polymorph (15)
Scrolls
 e - 5 scrolls of enchant armour
 h - a scroll of teleportation
 i - 2 scrolls of blinking
 l - 3 scrolls of immolation
 n - 3 scrolls of enchant weapon {unknown}
 s - 2 scrolls of fog {unknown}
 A - 4 scrolls of silence
 F - a scroll of summoning
Potions
 b - 4 potions of lignification
 d - 4 potions of degeneration {unknown}
 g - 2 potions of cancellation {unknown}
 j - 5 potions of heal wounds
 o - 3 potions of curing {unknown}
 q - 3 potions of haste
 u - 3 potions of mutation {unknown}
 v - a potion of flight {unknown}
 D - a potion of attraction
Miscellaneous
 x - a condenser vane


   Skills:
 * Level 8.1 Fighting
 + Level 0.6 Short Blades
 + Level 1.3 Armour
 + Level 4.0 Dodging
 + Level 3.8 Stealth
 * Level 13.8 Spellcasting
 + Level 1.3 Evocations


You had 9 spell levels left.
You knew the following spells:

 Your Spells              Type           Power      Damage    Failure   Level
a - Foxfire               Conj/Fire      100%       2x1d9     1%          1
b - Scorch                Fire           100%       2d10      1%          2
c - Conjure Flame         Conj/Fire      66%        6-21      1%          3
d - Inner Flame           Hex/Fire       66%        N/A       1%          3
e - Flame Wave            Conj/Fire      66%        3d12      1%          4
f - Animate Skeleton      Necr           100%       N/A       1%          1
g - Searing Ray           Conj           100%       2d8       1%          2
h - Ensorcelled Hibernat  Hex/Ice        100%       N/A       1%          2
i - Gell's Gravitas       Tloc           33%        N/A       1%          3
j - Animate Armour        Summ/Erth      100%       N/A       1%          4
k - Borgnjor's Vile Clut  Necr/Erth      33%        N/A       1%          5
Your spell library was empty.

Dungeon Overview and Level Annotations

Branches:
Dungeon (12/15)            Temple (1/1) D:5            Lair (0/6) D:11
    Orc (0/2) D:10          IceCv (visited)

Altars:
Ashenzari
Cheibriados
Dithmenos
Elyvilon
Fedhas
Gozag
Hepliaklqana
Kikubaaqudgha
Makhleb
Okawaru
Qazlal
Ru
Sif Muna
Trog
Uskayaw
Vehumet
Wu Jian
Xom
Yredelemnul
Zin
The Shining One

Shops:
D:1 *   D:10 :

Annotations:
D:10 exclusions: obsidian statue and orange crystal statue


Innate Abilities, Weirdness & Mutations

You are immune to sickness and miasma.
You are immune to poison.
Your flesh is very heat resistant. (rF++)
You are vulnerable to cold. (rC-)
You float through the air rather than walking.
You learn spells naturally, not from books.
Your magical power is your life essence.
You have superior vitality. (+4 HP)


Message History

The zombie hands constrict the boulder beetle, but do no damage.
The zombie hands constrict the green ugly thing.
The boulder beetle struggles to escape constriction.
The green ugly thing claws you!
The zombie hands constrict the boulder beetle!
The zombie hands constrict the green ugly thing!
The boulder beetle struggles to escape constriction.
The green ugly thing struggles to escape constriction.
The zombie hands constrict the boulder beetle!
The zombie hands constrict the green ugly thing!
You kill the green ugly thing!
The boulder beetle escapes!
Casting: Borgnjor's Vile Clutch (dangerous; 1% risk of failure)
Confirm with . or Enter, or press ? or * to list all spells.
Aiming: Borgnjor's Vile Clutch (dangerous; 1% risk of failure)
Press: ? - help, Shift-Dir - straight line, f - boulder beetle
Aim: a boulder beetle (severely wounded, 100% to hit)
Zombie hands grab the boulder beetle.
The zombie hands constrict the boulder beetle, but do no damage.
The boulder beetle struggles to escape constriction.
Unknown command.
The zombie hands constrict the boulder beetle!
The boulder beetle curls into a ball and begins rolling!
Casting: Foxfire (safe; 1% risk of failure)
Press: ? - help, Q - select action, (/) - cycle Dir - look around, f - activate You conjure some foxfire!
The zombie hands constrict the boulder beetle!
The boulder beetle escapes!
Unknown command.
Casting: Foxfire (safe; 1% risk of failure)
Confirm with . or Enter, or press ? or * to list all spells.
Flames lash the boulder beetle but do no damage.
The foxfire hits the boulder beetle!
The boulder beetle is almost dead.
The foxfire hits the boulder beetle but does no damage.
The boulder beetle is almost dead.
The boulder beetle hits you!!!
Ouch! That really hurt!
You die...
Your body crumbles into a pile of gold.

#.# #.# #.# #.# #.#
#.# #.# #.# #.#
#####.###.# #.#
#.........####.###
#.................
##....#######......
#.§§.......##......
#§@#..####.##......
#.B#..# #.........
#.○#..# #.##.#..##
#.°#..# #.##..).#
#.°#..####.##..#.##
#...........#..#..#
#.....###..........
#.....# #...#......
#..)..# ##.##.###.#


You could see a boulder beetle (rolling).

Vanquished Creatures
  Harold (D:7)
  3 two-headed ogres
  Sonja (D:11)
  A deep elf pyromancer (D:11)
  2 ugly things
  A moth of wrath (D:8)
  An unseen horror (D:10)
  A komodo dragon (D:11)
  A kobold demonologist (D:7)
  2 ice devils (D:11)
  A troll (D:10)
  6 polar bears (IceCv)
  2 hornets
  Sigmund (D:5)
  2 shadows
  A wyvern (D:10)
  28 yaks
  Menkaure (D:5)
  7 vampire mosquitoes
  3 orc warriors
  A sky beast (D:5)
  2 black bears
  8 ogres
  9 centaurs
  12 wolves (IceCv)
  A phantom (D:4)
  6 kobold brigands
  3 bullfrogs
  6 gnoll sergeants
  10 scorpions
  2 water moccasin skeletons (D:5)
  26 killer bees
  4 wights (D:10)
  3 howler monkeys
  A centaur zombie (D:8)
  2 jellies
  A bullfrog zombie (D:5)
  2 hounds (D:5)
  An orc priest (D:4)
  4 iguanas
  Ijyb (D:5)
  An orc wizard (D:6)
  A killer bee zombie (D:6)
  2 hound skeletons
  A howler monkey zombie (D:9)
  14 gnolls
  6 adders
  A white imp (D:7)
  An ufetubus (D:7)
  4 worms
  4 dart slugs
  26 orcs
  2 ball pythons
  13 endoplasms
  A giant cockroach (D:2)
  9 goblins
  5 hobgoblins
  5 quokkas
  8 bats
  A frilled lizard (D:1)
  6 kobolds
  11 rats
293 creatures vanquished.

Vanquished Creatures (others)
  811 foxfires
  21 plants (D:11)
832 creatures vanquished.

Grand Total: 1125 creatures vanquished

Notes
Turn   | Place    | Note
-------+----------+-------------------------------------------
     0 | D:1      | robertstho the Djinni Fire Elementalist began the quest for
                  | the Orb.
     0 | D:1      | Reached XP level 1. HP: 15/15 MP: 0/0
     3 | D:1      | Found Cuqereg's General Store.
   302 | D:1      | Reached XP level 2. HP: 11/21 MP: 0/0
   895 | D:1      | Reached skill level 3 in Spellcasting
   981 | D:1      | Reached XP level 3. HP: 24/26 MP: 0/0
   981 | D:1      | Learned a level 1 spell: Animate Skeleton
  2352 | D:2      | Reached XP level 4. HP: 29/31 MP: 0/0
  3582 | D:3      | Found a stormy altar of Qazlal.
  3688 | D:3      | Found a faded altar of an unknown god.
  3730 | D:3      | Noticed a bullfrog
  3737 | D:3      | Killed a bullfrog
  3738 | D:3      | Reached skill level 1 in Fighting
  3738 | D:3      | Reached skill level 4 in Spellcasting
  3738 | D:3      | Reached XP level 5. HP: 25/37 MP: 0/0
  3738 | D:3      | Learned a level 2 spell: Searing Ray
  4465 | D:4      | Reached XP level 6. HP: 22/42 MP: 0/0
  5153 | D:4      | Reached skill level 5 in Spellcasting
  5656 | D:5      | Entered Level 5 of the Dungeon
  5681 | D:5      | Reached XP level 7. HP: 32/47 MP: 0/0
  5681 | D:5      | Learned a level 2 spell: Ensorcelled Hibernation
  5842 | D:5      | Noticed Ijyb
  5853 | D:5      | Killed Ijyb
  6179 | D:5      | Noticed Menkaure
  6185 | D:5      | Killed Menkaure
  6186 | D:5      | Reached skill level 6 in Spellcasting
  6383 | D:5      | Reached XP level 8. HP: 32/54 MP: 0/0
  6609 | D:5      | Found a hide-covered altar of Uskayaw.
  6652 | D:5      | Noticed Sigmund
  6659 | D:5      | Killed Sigmund
  6712 | D:5      | Reached skill level 7 in Spellcasting
  6742 | D:5      | Reached XP level 9. HP: 15/62 MP: 0/0
  6742 | D:5      | Learned a level 3 spell: Gell's Gravitas
  6765 | D:5      | Found a shimmering altar of Xom.
  7132 | D:5      | Found a staircase to the Ecumenical Temple.
  7232 | Temple   | Entered the Ecumenical Temple
  7343 | Temple   | Became a worshipper of Gozag Ym Sagoz the Greedy
  7720 | D:5      | Reached skill level 8 in Spellcasting
  8057 | D:5      | Found a glowing golden altar of the Shining One.
  8057 | D:5      | Found a shadowy altar of Dithmenos.
  8058 | D:5      | Found an ornate altar of the Wu Jian Council.
  8155 | D:1      | Bought a potion of magic for 96 gold pieces
  8155 | D:1      | Bought a scroll of noise for 12 gold pieces
  8155 | D:1      | Bought a potion of haste for 120 gold pieces
  8253 | D:4      | Identified the +4 dagger "Hiraonk" {chaos, rElec rF++
                  | Str+4}
  8476 | D:6      | Found a blossoming altar of Fedhas.
  9225 | D:6      | You are sucked into a shaft and drop 1 floor!
  9225 | D:7      | Found an iron altar of Okawaru.
  9260 | D:7      | Reached skill level 5 in Fighting
  9260 | D:7      | Reached skill level 9 in Spellcasting
  9693 | D:7      | Reached XP level 10. HP: 61/70 MP: 0/0
  9798 | D:7      | Noticed a kobold demonologist
  9801 | D:7      | Noticed an orange demon
  9805 | D:7      | Killed a kobold demonologist
  9964 | D:7      | Noticed Harold
  9970 | D:7      | Reached skill level 10 in Spellcasting
  9973 | D:7      | Killed Harold
 10797 | D:8      | Noticed a two-headed ogre
 10805 | D:8      | Killed a two-headed ogre
 11191 | D:8      | Reached XP level 11. HP: 53/76 MP: 0/0
 11191 | D:8      | Learned a level 4 spell: Animate Armour
 11192 | D:8      | Reached skill level 11 in Spellcasting
 11725 | D:8      | Noticed a moth of wrath
 11728 | D:8      | Found a bloodstained altar of Trog.
 11914 | D:8      | Killed a moth of wrath
 12032 | D:9      | Noticed a two-headed ogre
 12040 | D:9      | Killed a two-headed ogre
 13050 | D:10     | Entered Level 10 of the Dungeon
 13050 | D:10     | Found Xaevomem's Book Shop.
 13369 | D:10     | Noticed an obsidian statue
 13587 | D:10     | Reached skill level 12 in Spellcasting
 14134 | D:10     | Reached XP level 12. HP: 37/85 MP: 0/0
 14521 | D:10     | Reached skill level 1 in Evocations
 14748 | D:10     | Found a staircase to the Orcish Mines.
 15884 | D:11     | Found a frozen archway.
 15891 | D:11     | Reached skill level 13 in Spellcasting
 15906 | IceCv    | Entered an ice cave
 17820 | D:11     | Noticed Sonja
 17820 | D:11     | Noticed a two-headed ogre
 17827 | D:11     | Killed a two-headed ogre
 17828 | D:11     | Reached XP level 13. HP: 55/92 MP: 0/0
 17828 | D:11     | Learned a level 5 spell: Borgnjor's Vile Clutch
 17838 | D:11     | Killed Sonja
 17839 | D:11     | Reached skill level 1 in Armour
 18173 | D:11     | Found a staircase to the Lair.
 18294 | D:12     | Noticed an eight-headed hydra
 18674 | D:12     | Noticed a boulder beetle
 18691 | D:12     | Mangled by a boulder beetle

Illustrated notes

Levels and vault maps discovered:
D:1:      mrwooster_arrival_statue, layout_loops_cross, serial_shops, shop
D:2:      layout_loops_corners, minmay_quantized
D:3:      layout_basic, nicolae_qazlal_general_emergency,
          shapermc_ecumenical_altar_petra
D:4:      layout_cave_pods, chequers_serial_rivers_room_b,
          minmay_fractal_squares_gapless_5
D:5:      layout_loops_ring, gammafunk_temple_overflow_claw,
          brannock_xom_greatest_gift, nicolae_uskayaw_dance_hall,
          minmay_temple_entry_tees, grunt_ministairs_8,
          hangedman_decor_opposing, hangedman_minor_gate_pass, uniq_sigmund,
          uniq_ijyb, uniq_menkaure
D:6:      layout_basic, mainiacjoe_overflow_catwalk, uniq_crazy_yiuf_cottage
D:7:      wad_river_or_something, layout_cave_pools, lemuel_tele_altar,
          uniq_harold
D:8:      layout_basic, tgw_trog, hangedman_decor_lopped, st_stairs_12
D:9:      layout_basic
D:10:     minmay_separated_statues, layout_stronghold,
          kennysheep_orc_monster_closet_entryway, nicolae_stop_n_shop_1,
          hangedman_abyss_or_decor_passed
D:11:     layout_long_grid, david_lair_shrubbed, portal_ice_cave_demonic_guard,
          uniq_sonja
D:12:     layout_loops_ring
Temple:   oiseaux_autumnal_temple

Skill      XL: |  1  2  3  4  5  6  7  8  9 10 11 12 13 |
---------------+----------------------------------------+-----
Spellcasting   | 3 4 5 6 7 9 10 12 13 | 13.8
Fighting       | 1 2 3 5 6 7 8 |  8.1
Stealth        | 2 3 |  3.8
Dodging        | 3 4 |  4.0
Evocations     | 1 |  1.3
Armour         | 1 |  1.3
Short Blades   | |  0.6

Action                   |  1- 3 |  4- 6 |  7- 9 | 10-12 | 13-15 || total
-------------------------+-------+-------+-------+-------+-------++-------
Melee: Unarmed           |     3 |       |       |       |       ||     3
       Dagger            |       |     7 |    10 |    15 |     1 ||    33
 Cast: Foxfire           |   110 |   120 |   105 |   159 |     1 ||   495
       Scorch            |     1 |     2 |    82 |    81 |     2 ||   168
       Flame Wave        |       |       |     1 |    64 |     1 ||    66
       Ensorcelled Hiber |       |       |       |     1 |       ||     1
       Searing Ray       |       |       |       |     3 |       ||     3
       Borgnjor's Vile C |       |       |       |       |    13 ||    13
Evoke: Wand              |       |       |       |     4 |     2 ||     6
  Use: Scroll            |       |     6 |       |     4 |     1 ||    11
       Potion            |       |       |       |     3 |       ||     3
 Stab: Petrifying        |       |       |     1 |       |       ||     1
       Confused          |       |       |       |     1 |       ||     1
Armor: Robe              |     4 |     1 |    13 |    18 |       ||    36
       Scale mail        |       |       |       |     9 |     6 ||    15
Dodge: Dodged            |    15 |    13 |    25 |   154 |    10 ||   217

Table legend: (Time is in decaauts)
 A = Elapsed time spent in this place.
 B = Non-inter-level travel time spent in this place.
 C = Inter-level travel time spent in this place.
 D = Time resting spent in this place.
 E = Time spent auto-exploring this place.
 F = Levels seen in this place.
 G = Mean time per level.
                   A        B        C        D        E       F      G
               +--------+--------+--------+--------+--------+-----+--------+
         Total |  18694 |  18005 |    689 |   1581 |  14320 |  14 | 1335.3 |
       Dungeon |  17236 |  16573 |    663 |   1499 |  13208 |  12 | 1436.3 |
        Temple |    136 |    111 |     25 |      0 |     93 |   1 |  136.0 |
      Ice Cave |   1321 |   1321 |      0 |     82 |   1019 |   1 | 1321.0 |
               +--------+--------+--------+--------+--------+-----+--------+

Top non-repeatable levels by time:
     D:5: 2146 daAuts
    D:10: 2131 daAuts
     D:1: 1770 daAuts
    D:11: 1685 daAuts
     D:4: 1667 daAuts
     D:7: 1624 daAuts
     D:2: 1594 daAuts
   IceCv: 1321 daAuts
     D:8: 1180 daAuts
     D:9: 1068 daAuts
     D:3: 976 daAuts
     D:6: 936 daAuts
    D:12: 453 daAuts
  Temple: 136 daAuts
